 Dungeon Crawl Stone Soup version 0.31-a0-435-g2c6fae2916 (webtiles) character file.

Game seed: 7922198680073068799

93 Ethylacetat the Insei (level 4, -6/25 HPs)
             Began as a Vine Stalker Monk on Aug 1, 2023.
             Was a Priest of Vehumet.
             Mangled by Crazy Yiuf
             ... wielding a +4 quarterstaff of chaos
              (14 damage)
             ... on level 2 of the Dungeon.
             The game lasted 00:03:13 (1028 turns).

Ethylacetat the Insei (Vine Stalker Monk)           Turns: 1028, Time: 00:03:13

Health: -6/25      AC:  3    Str: 14    XL:     4   Next: 61%
Magic:  0/7        EV: 13    Int: 16    God:    Vehumet [***...]
Gold:   90         SH:  0    Dex: 18    Spells: 5/5 levels left

rFire   . . .        m - +2 dagger (venom)
rCold   . . .        c - orb {light}
rNeg    . . .        (no body armour)
rPois   .            (no helmet)
rElec   .            d - +2 cloak
rCorr   .            (no gloves)
SInv    .            (no boots)
Will    .....        (no amulet)
Stlth   +            j - +6 ring of intelligence
HPRegen 1.04/turn    (no ring)
MPRegen 0.10/turn

%: guardian spirit
@: lethally poisoned (-6 -> -9), glowing
A: fangs 2, regeneration 1, magic shield, antimagic bite, no potion heal 2
a: Renounce Religion


You were on level 2 of the Dungeon.
You worshipped Vehumet.
Vehumet was most pleased with you.
You visited 1 branch of the dungeon, and saw 2 of its levels.

You collected 90 gold pieces.

Inventory:

Hand Weapons
 m - a +2 dagger of venom (weapon)
Armour
 c - an orb of light (worn)
 d - a +2 cloak (worn)
Jewellery
 j - a +6 ring of intelligence (left hand)
Scrolls
 a - a scroll of blinking {unknown}
 h - a scroll of teleportation {unknown}
 i - a scroll of identify {unknown}
 k - a scroll of vulnerability {unknown}
Potions
 b - 2 potions of ambrosia
 f - a potion of brilliance {unknown}
 g - a potion of mutation {unknown}
 l - a potion of lignification {unknown}


   Skills:
 * Level 3.6 Fighting
 - Level 2.5 Dodging
 * Level 4.0 Unarmed Combat
 + Level 1.3 Spellcasting


You had 5 spell levels left.
You didn't know any spells.
Your spell library contained the following spells:

 Spells                   Type           Power      Damage    Failure   Level
 Stone Arrow              Conj/Erth      2%         3d7       17%         3
 Shock                    Conj/Air       4%         1d3       6%          1
 Airstrike                Air            0%         2d(1-17)  45%         4
 Swiftness                Air            1%         N/A       54%         3


Dungeon Overview and Level Annotations

Branches:
Dungeon (2/15)

Altars:
Vehumet

Annotations:
D:2 Crazy Yiuf


Innate Abilities, Weirdness & Mutations

You have extremely sharp teeth.
Your natural rate of healing is unusually fast.
When hurt, damage is shared between your health and your magic reserves.
Your bite disrupts and absorbs the magic of your enemies.
Potions cannot restore your health.


Message History

a +3 dagger; a +0 robe Partly explored, can't reach some places.
Partly explored, can't reach some places.
You hit the fungus.
The fungus begins to die.
The fungus is lightly damaged.
You hit the fungus. You bite the fungus. You drain its power.
The fungus is lightly damaged.
You hit the fungus. You bite the fungus. You drain its power.
The fungus is lightly damaged.
You hit the fungus.
The fungus is lightly damaged.
A nearby fungus withers and dies.
You see here a +0 hammer.
Found a hammer.
Found a runed translucent door.
Found a hammer.
Crazy Yiuf shouts!
Found a hammer.
You open the door. You hit Crazy Yiuf.
Crazy Yiuf is poisoned.
Crazy Yiuf is lightly wounded.
Crazy Yiuf barely misses you.
You hit Crazy Yiuf.
Crazy Yiuf looks even sicker.
Crazy Yiuf is moderately wounded.
Crazy Yiuf misses you.
You hit Crazy Yiuf.
Crazy Yiuf looks as sick as possible!
You bite Crazy Yiuf, but do no damage.
Crazy Yiuf is heavily wounded.
Crazy Yiuf barely misses you.
You hit Crazy Yiuf.
Crazy Yiuf looks as sick as possible!
You bite Crazy Yiuf, but do no damage.
Crazy Yiuf is severely wounded.
Crazy Yiuf hits you with a +4 quarterstaff of chaos!
You are poisoned.
You feel very sick.
You feel very sick. Crazy Yiuf attacks as you move away!
Crazy Yiuf hits you with a +4 quarterstaff of chaos!
You are electrocuted!
Ouch! That really hurt!
You die...

.♣#
#♣...)..##.##.#######..##
# ♣.♣♣♣..#.#.###.##.#
##..#####
♣♣.....#.#..##....#
##......
♣.♣♣♣..#........###
#...... .♣# #♣....#######
#...... .♣ ♣....# #......
.♣# #♣....##♣♣♣♣♣ #......
..♣♣♣.....).P)♣.♣♣♣ ###
#......
.............P.♣@g♣#..)#
#......
............PP♣♣♣♣.'.).#
##.....( #...........♣♣♣
♣♣#..)# #.......
##.....#..##♣ ###
#....### ##########
#....... #.>####.
############# #.#####.
#.##.#..##..#####.......
#.#..##........>........


You could see Crazy Yiuf (extremely poisoned).

Vanquished Creatures
  Jessica (D:2)
  Robin (D:2)
  An adder (D:2)
  2 dart slugs (D:2)
  An endoplasm (D:1)
  11 goblins (D:2)
  5 hobgoblins (D:2)
  2 quokkas (D:2)
  3 ball pythons
  3 bats (D:2)
  3 frilled lizards
  6 kobolds
  A rat (D:1)
40 creatures vanquished.

Notes
Turn   | Place    | Note
-------+----------+-------------------------------------------
     0 | D:1      | Ethylacetat the Vine Stalker Monk began the quest for the
                  | Orb.
     0 | D:1      | Reached XP level 1. HP: 11/11 MP: 2/2
    91 | D:1      | Found a faded altar of an unknown god.
   141 | D:1      | Reached XP level 2. HP: 13/16 MP: 1/3
   422 | D:1      | Prayed at the altar of an unknown god.
   422 | D:1      | Became a worshipper of Vehumet
   422 | D:1      | Reached * piety under Vehumet
   422 | D:1      | Offered knowledge of Foxfire by Vehumet.
   422 | D:1      | Reached ** piety under Vehumet
   448 | D:2      | Reached *** piety under Vehumet
   603 | D:2      | Offered knowledge of Searing Ray by Vehumet.
   701 | D:2      | Reached XP level 3. HP: 19/20 MP: 2/4
   767 | D:2      | Offered knowledge of Ignite Poison by Vehumet.
   809 | D:2      | Noticed Jessica
   815 | D:2      | Killed Jessica
   816 | D:2      | Reached skill level 1 in Spellcasting
   816 | D:2      | Gained mutation: Your natural rate of healing is unusually
                  | fast. [Vine Stalker growth]
   816 | D:2      | Reached XP level 4. HP: 21/24 MP: 6/6
   850 | D:2      | Noticed Robin
   862 | D:2      | Killed Robin
   891 | D:2      | Reached skill level 4 in Unarmed Combat
   907 | D:2      | Offered knowledge of Stone Arrow by Vehumet.
  1017 | D:2      | Found a runed translucent door.
  1018 | D:2      | Noticed Crazy Yiuf
  1028 | D:2      | Mangled by Crazy Yiuf

Illustrated notes

Levels and vault maps discovered:
D:1:      spicycebolla_green_bress_n_ham_2, layout_rooms,
          basic_ecumenical_altar, minmay_misc_feat_secret_circle
D:2:      layout_rooms, minmay_stone_trees_medium, hangedman_decor_push,
          uniq_crazy_yiuf_cottage, uniq_jessica, uniq_robin

Skill      XL: |  1  2  3  4 |
---------------+-------------+-----
Fighting       | 3 |  3.6
Spellcasting   | 1 |  1.3
Unarmed Combat | 4 |  4.0
Dodging        | |  2.5

Action                     |  1- 3 |  4- 6 || total
---------------------------+-------+-------++-------
  Melee: Dagger            |    45 |    37 ||    82
         Bite              |    17 |    13 ||    30
         Unarmed           |     6 |       ||     6
 Armour: Robe              |     2 |       ||     2
         Skin              |     8 |     8 ||    16
  Dodge: Dodged            |    31 |    27 ||    58

Table legend: (Time is in decaauts)
 A = Elapsed time spent in this place.
 B = Non-inter-level travel time spent in this place.
 C = Inter-level travel time spent in this place.
 D = Time resting spent in this place.
 E = Time spent auto-exploring this place.
 F = Levels seen in this place.
 G = Mean time per level.
                   A        B        C        D        E       F      G
               +--------+--------+--------+--------+--------+-----+--------+
         Total |   1026 |   1008 |     18 |      0 |    768 |   2 |  513.0 |
       Dungeon |   1026 |   1008 |     18 |      0 |    768 |   2 |  513.0 |
               +--------+--------+--------+--------+--------+-----+--------+

Top non-repeatable levels by time:
     D:2: 594 daAuts
     D:1: 431 daAuts
